 Dungeon Crawl Stone Soup version 0.27.1-3-gb3d3a73c9e (webtiles) character file.

Game seed: 2180576711164089167

261 nxtlvl the Bolt Thrower (level 6, 0/44 HPs)
             Began as a Formicid Hunter on Oct 14, 2021.
             Slain by an iguana (8 damage)
             ... on level 5 of the Dungeon.
             The game lasted 00:14:35 (1507 turns).

nxtlvl the Bolt Thrower (Formicid Hunter)           Turns: 1507, Time: 00:14:36

Health: 0/44       AC:  9    Str: 17    XL:     6   Next: 41%
Magic:  0/0        EV:  7    Int: 10    God:
Gold:   192        SH:  0    Dex: 19    Spells: 5/5 levels left

rFire    x . .     SeeInvis +   b - +0 halberd
rCold    . . .     Faith    .   (no shield)
rNeg     . . .     Spirit   .   c - +0 chain mail
rPois    .         Reflect  .   (helmet unavailable)
rElec    .         Harm     .   (no cloak)
rCorr    +         Rampage  .   d - +0 pair of gloves
Will     .....                  (no boots)
Stlth    ..........             (no amulet)
HPRegen  0.14/turn              p - ring "Elokluen" {rF- rCorr MP-9 Dex+6 SInv}
MPRegen  0.07/turn              (no ring)

@: mighty, brilliant
A: permanent stasis, dig shafts and tunnels, antennae 3, four strong arms
a: Dig, Shaft Self


You were on level 5 of the Dungeon.
You visited 2 branches of the dungeon, and saw 6 of its levels.

You collected 192 gold pieces.

Inventory:

Hand Weapons
 a - a +1 hand crossbow
 b - a +0 halberd (weapon)
Missiles
 h - 20 poisoned darts (quivered)
 m - 10 bolts
Armour
 c - a +0 chain mail (worn)
 d - a +0 pair of gloves (worn)
 E - a scarf of shadows
Jewellery
 p - the ring "Elokluen" (left hand) {rF- rCorr MP-9 Dex+6 SInv}
   (You found it on level 4 of the Dungeon)

   [ring of resist corrosion]

   Dex:       It affects your dexterity (+6).
   rF:        It makes you vulnerable to fire.
   MP:        It affects your magic capacity (-9).
   SInv:      It lets you see invisible.
   rCorr:     It protects you from acid and corrosion.
Scrolls
 f - 2 scrolls of brand weapon {unknown}
 i - 2 scrolls of noise {unknown}
 k - a scroll of teleportation {unknown}
 l - a scroll of fear {unknown}
 n - a scroll of enchant weapon {unknown}
 o - 2 scrolls of identify {unknown}
Potions
 e - a potion of attraction {unknown}
 g - a potion of brilliance
 j - a potion of might


   Skills:
 - Level 2.1 Fighting
 * Level 3.6 Polearms
 + Level 6.1 Crossbows
 - Level 1.7 Dodging
 - Level 1.2 Stealth


You had 5 spell levels left.
You didn't know any spells.
Your spell library contained the following spells:

 Spells                   Type           Power      Damage    Failure   Level
 Passwall                 Tmut/Erth      0%         N/A       100%        2
 Invisibility             Hex            0%         N/A       100%        6
 Swiftness                Air            Unusable   N/A       N/A         3

Dungeon Overview and Level Annotations

Branches:
Dungeon (5/15)             Temple (1/1) D:4

Altars:
Cheibriados
Dithmenos
Elyvilon
Fedhas
Gozag
Makhleb
Nemelex Xobeh
Trog
Yredelemnul
Zin
The Shining One


Innate Abilities, Weirdness & Mutations

You cannot be hasted, slowed, berserked, paralysed or teleported.
You can dig through walls and to a lower floor.
You have a pair of large antennae on your head. (SInv)
Your four strong arms can wield two-handed weapons with a shield.


Message History

The hound skeleton bites you.
The hound skeleton bites you but does no damage.
You hit the hound skeleton.
The hound skeleton is heavily damaged.
The hound skeleton bites you but does no damage.
You extend your mandibles.
You dig through the rock wall.
You hear an angry hiss.
The white imp hits you. The white imp freezes you.
You dig through the rock wall.
You retract your mandibles.
You barely miss the white imp. The white imp gestures at you.
The puff of frost hits you!
You completely miss the white imp. The white imp barely misses you.
You closely miss the white imp. The white imp gestures at you.
The puff of frost hits you! The white imp closely misses you.
You are too injured to fight recklessly!
You hit the white imp.
The white imp is heavily wounded.
The white imp gestures at you. The puff of frost hits you.
* * * LOW HITPOINT WARNING * * *
It was a potion of brilliance.
You feel clever all of a sudden. The white imp hits you.
* * * LOW HITPOINT WARNING * * *
The white imp freezes you.
* * * LOW HITPOINT WARNING * * *
It was a potion of might.
You feel very mighty all of a sudden.
The white imp hits you but does no damage.
You closely miss the white imp.
The white imp is heavily wounded.
The white imp hits you but does no damage.
You hit the white imp.
You kill the white imp!
You closely miss the iguana. You barely miss the iguana.
The iguana barely misses you. The iguana bites you!
You die...

######### #.......#
#.......# ##.......#
.......<.####### .
............##@# ...
##.......#...#l##.....
#.......##..ZZ)).....
....>.....##.####.....
..........##.# #...
..[....)...#.# ..
..####.###..)# #.
#..... #......


You could see an iguana, a hound skeleton and a centaur skeleton.

Vanquished Creatures
  An ogre (D:4)
  An iguana (D:4)
  2 adders (D:2)
  3 gnolls (D:3)
  A white imp (D:5)
  2 adder skeletons (D:4)
  4 dart slugs
  12 orcs
  2 bats
  7 endoplasms
  2 giant cockroaches
  3 goblins
  4 hobgoblins
  3 jackals (D:2)
  4 kobolds
  3 quokkas
  6 ball pythons
  2 frilled lizards
  3 rats
65 creatures vanquished.

Notes
Turn   | Place    | Note
-------+----------+-------------------------------------------
     0 | D:1      | nxtlvl the Formicid Hunter began the quest for the Orb.
     0 | D:1      | Reached XP level 1. HP: 16/16 MP: 1/1
    56 | D:1      | Reached XP level 2. HP: 19/22 MP: 2/2
   198 | D:1      | You fall into a shaft and drop 1 floor!
   229 | D:2      | Reached XP level 3. HP: 25/27 MP: 3/3
   264 | D:2      | Reached skill level 5 in Crossbows
   431 | D:2      | Reached XP level 4. HP: 20/33 MP: 4/4
   614 | D:3      | Found a basalt altar of Yredelemnul.
   634 | D:3      | Found a glowing silver altar of Zin.
   936 | D:3      | Reached skill level 1 in Polearms
   948 | D:3      | Reached XP level 5. HP: 26/38 MP: 5/5
  1114 | D:4      | Found a staircase to the Ecumenical Temple.
  1126 | Temple   | Entered the Ecumenical Temple
  1224 | D:4      | Noticed an ogre
  1230 | D:4      | Killed an ogre
  1231 | D:4      | Reached XP level 6. HP: 44/44 MP: 6/6
  1265 | D:4      | Identified the ring "Elokluen" {rF- rCorr MP-9 Dex+6 SInv}
  1343 | D:4      | Reached skill level 6 in Crossbows
  1471 | D:5      | Entered Level 5 of the Dungeon
  1507 | D:5      | Slain by an iguana

Illustrated notes

Levels and vault maps discovered:
D:1:      lemuel_arrival_hallway, layout_rooms,
          shapermc_ecumenical_altar_mp_ritualfount
D:2:      layout_basic, serial_curves, eino_curves_02, eino_curves_02
D:3:      layout_loops_ring, zin_treasury, lemuel_tele_altar,
          amcnicky_mini_rare_corridor_liquid, uniq_terence
D:4:      layout_rooms, lemuel_coloured_pillars_altar,
          minmay_temple_entry_purple_smoke
D:5:      layout_rooms, grunt_temple_overflow_magic_moments, xom_teletrap_fun,
          kennysheep_dice, uniq_ijyb, uniq_edmund
Temple:   nicolae_temple_figure_zero

Skill      XL: |  1  2  3  4  5  6 |
---------------+-------------------+-----
Crossbows      | 5 6 |  6.1
Polearms       | 1 2 3 |  3.6
Fighting       | |  2.1
Dodging        | |  1.7
Stealth        | |  1.2

Action                   |  1- 3 |  4- 6 || total
-------------------------+-------+-------++-------
Melee: Short sword       |    49 |     9 ||    58
       Spear             |       |    40 ||    40
       Halberd           |       |    52 ||    52
 Fire: Hand crossbow     |    22 |    17 ||    39
 Abil: Dig               |     1 |    14 ||    15
       Shaft Self        |     1 |       ||     1
  Use: Potion            |       |     2 ||     2
Armor: Leather armour    |    16 |     9 ||    25
       Chain mail        |       |     9 ||     9
Dodge: Dodged            |    30 |    28 ||    58
